Map: Heavy Artillery LE

Players

Nova - Winner!

  • Race: Terran Terran
  • League: Diamond
  • Spawn Location: 7:00

Ganon - Winner!

  • Race: Protoss Protoss
  • League: Diamond
  • Spawn Location: 7:00

Massa

  • Race: Terran Terran
  • League: Platinum
  • Spawn Location: 1:00

qqq

  • Race: Zerg Zerg
  • Spawn Location: 3:00

VOD

Have the link to the VOD?

Description

Time

  • Played on: March 27, 2021, 4:50 p.m.
  • Length: 11:30
Show
View Real Time Build Order
Export as new Build Order

Nova Terran - Winner!

Build Orders:  

Get SALT Encoding   

  12  0:00  SCV  
  13  0:12  SCV  
  14  0:17  Supply Depot  
  14  0:24  SCV  
  15  0:38  SCV  
  15  0:41  Barracks  
  16  0:44  Refinery  
  16  0:50  SCV  
  17  1:03  SCV  
  18  1:15  SCV  
  19  1:28  Orbital Command  
  19  1:29  Barracks Reactor  
  19  1:43  Command Center  
  19  1:50  Supply Depot  
  19  1:55  SCV  
  20  2:06  Marine x2  
  20  2:07  SCV  
  23  2:19  SCV  
  24  2:23  Marine  
  24  2:24  Marine  
  26  2:31  SCV  
  27  2:42  Engineering Bay  
  27  2:43  SCV  
  28  2:45  Barracks  
  28  2:46  Marine x2  
  28  2:50  Barracks  
  30  2:55  SCV  
  31  3:00  Refinery  
  31  3:06  Orbital Command  
  31  3:08  SCV  
  32  3:13  Terran Infantry Weapons Level 1  
  32  3:20  SCV, Marine x2  
  35  3:32  Barracks Tech Lab, SCV  
  37  3:34  SCV  
  37  3:38  Marine x2  
  37  3:40  Factory  
  39  3:44  SCV  
  39  3:47  SCV  
  39  3:48  Marine  
  41  3:54  Stimpack  
  42  3:56  SCV  
  42  3:57  Supply Depot  
  42  4:02  SCV, Supply Depot  
  44  4:06  Marine  
  44  4:07  Marine  
  46  4:18  SCV x2, Marine x2  
  50  4:26  Supply Depot  
  50  4:30  SCV x2  
  52  4:41  Marine x4  
  52  4:42  Starport  
  52  4:43  Factory Reactor  
  56  4:54  SCV x2  
  56  4:58  Marine  
  56  4:59  Marine x2, Supply Depot  
  61  5:06  SCV  
  61  5:08  Marine  
  61  5:10  SCV  
  63  5:16  Marine x2  
  63  5:17  Marine, Command Center  
  63  5:18  SCV  
  67  5:22  SCV  
  67  5:25  Marine  
  67  5:27  Refinery, Factory Tech Lab  
  69  5:29  Refinery  
  69  5:30  Medivac  
  69  5:31  Medivac  
  69  5:33  SCV  
  59  5:48  Marauder, Siege Tank  
  59  5:49  SCV  
  65  5:56  Marine x3  
  68  5:57  SCV  
  68  6:01  SCV  
  70  6:05  Armory  
  70  6:09  SCV  
  71  6:13  Barracks  
  71  6:14  Concussive Shells  
  71  6:15  SCV, Barracks  
  72  6:21  Barracks Tech Lab, SCV  
  73  6:28  SCV  
  74  6:34  SCV  
  74  6:37  Supply Depot  
  74  6:39  Medivac x2  
  79  6:40  SCV  
  79  6:42  Widow Mine  
  79  6:46  SCV  
  83  6:52  SCV  
  84  6:58  SCV  
  84  6:59  Marauder x2  
  90  7:01  Orbital Command  
  90  7:02  Marine x2  
  90  7:03  Marine  
  90  7:04  SCV  
  93  7:09  Medivac  
  93  7:10  SCV  
  91  7:16  SCV  
  91  7:18  Marine  
  84  7:27  Marine  
  84  7:28  Marine x4  
  85  7:32  Orbital Command  
  85  7:36  Marine  
  80  7:45  Marine  
  80  7:46  Marine x4  
  85  7:57  Orbital Command  
  79  8:02  Marine  
  79  8:03  Marine  
  79  8:04  Marine  
  79  8:05  Marine  
  77  8:28  Barracks Tech Lab  
  77  8:29  Barracks Reactor  
  77  8:33  SCV, Marine x4, Supply Depot  
  82  8:38  Supply Depot  
  82  8:43  Refinery, SCV x2  
  82  8:45  Refinery, SCV  
  85  8:55  SCV, Marauder, Marine x3, Medivac  
  93  8:59  SCV x2, Marine, Medivac  
  93  9:00  Supply Depot  
  93  9:01  Supply Depot  
  95  9:04  Marine x2  
  95  9:07  SCV  
  91  9:11  SCV x2, Terran Infantry Armor Level 1  
  91  9:12  Marine, Engineering Bay  
  91  9:13  Marauder, Marine, Siege Tank  
  100  9:17  Marine  
  100  9:19  Sensor Tower  
  100  9:22  SCV, Marauder, Marine  
  100  9:23  SCV x2, Marine  
  108  9:27  Combat Shield  
  108  9:30  Marine x2  
  110  9:34  Marauder  
  110  9:35  Marine  
  110  9:37  SCV x2  
  115  9:40  Marine, Supply Depot x2  
  115  9:42  Marine  
  115  9:44  Marauder  
  115  9:45  Siege Tank, Supply Depot  
  122  9:48  Marine  
  122  9:49  Marauder  
  125  9:52  Marine  
  125  9:56  Marauder  
  122  10:14  Marine  
  122  10:16  Marauder x2  
  122  10:17  Marauder, Supply Depot, Siege Tank  
  122  10:18  Command Center  
  132  10:27  Supply Depot  
  131  10:49  Siege Tank  
  125  10:59  Marine  
  125  11:00  Marine x2  
  128  11:19  Barracks  
  128  11:20  Barracks  
Show
View Real Time Build Order
Export as new Build Order

Ganon Protoss - Winner!

Build Orders: Dark Templar Rush 

Get SALT Encoding   

  12  0:01  Probe  
  13  0:13  Probe  
  14  0:22  Pylon  
  14  0:26  Probe  
  15  0:40  Probe  
  16  0:43  Gateway  
  16  0:44  Assimilator  
  16  0:50  Assimilator  
  16  0:52  Probe  
  17  1:05  Probe (Chrono Boost)  
  18  1:16  Probe (Chrono Boost)  
  19  1:21  Probe (Chrono Boost)  
  20  1:31  Probe, Cybernetics Core  
  21  1:43  Probe  
  21  1:55  Probe, Pylon  
  22  2:12  Nexus  
  22  2:18  Stalker  
  24  2:32  Stargate  
  24  2:33  Probe  
  25  2:45  Probe  
  25  2:50  Twilight Council  
  26  2:57  Probe (Chrono Boost), Warp Gate (Chrono Boost)  
  27  3:07  Probe (Chrono Boost)  
  27  3:12  Probe (Chrono Boost)  
  28  3:14  Pylon  
  28  3:18  Void Ray  
  29  3:24  Probe  
  34  3:33  Dark Shrine  
  34  3:35  Probe  
  34  3:38  Probe  
  36  3:47  Gateway  
  36  3:54  Gateway  
  36  3:56  Probe  
  36  3:58  Probe  
  36  4:01  Void Ray  
  42  4:14  Probe x2  
  44  4:18  Shield Battery  
  39  4:42  Shield Battery  
  39  4:45  Shield Battery x2  
  39  4:47  Void Ray  
  35  4:56  Probe  
  35  4:57  Probe  
  41  5:02  Pylon  
  41  5:03  Assimilator  
  41  5:09  Probe x2  
  43  5:21  Probe x2  
  45  5:22  Sentry  
  45  5:23  Sentry  
  45  5:24  Dark Templar  
  51  5:33  Probe x2  
  53  5:45  Probe  
  50  5:54  Probe  
  48  5:57  Probe  
  48  6:00  Assimilator  
  48  6:02  Dark Templar x2  
  53  6:04  Dark Templar  
  53  6:06  Probe  
  53  6:07  Shadow Stride (Chrono Boost)  
  53  6:09  Probe  
  57  6:18  Probe, Shield Battery  
  57  6:21  Probe  
  59  6:27  Charge (Chrono Boost)  
  59  6:30  Probe  
  60  6:34  Probe  
  61  6:43  Probe  
  62  7:04  Nexus  
  62  7:14  Stalker  
  62  7:15  Stalker x2  
  54  7:52  Pylon  
  54  7:55  Pylon  
  54  8:08  Nexus  
  54  8:13  Stalker x2  
  54  8:14  Stalker  
  54  8:15  Blink (Chrono Boost)  
  56  8:25  Gateway  
  56  8:26  Gateway  
  56  8:27  Gateway  
  56  8:30  Gateway  
  56  8:34  Pylon  
  56  8:38  Stalker x3  
  62  8:49  Oracle (Chrono Boost)  
  65  9:03  Pylon  
  65  9:06  Assimilator  
  65  9:09  Zealot x3, Assimilator  
  71  9:19  Pylon  
  71  9:20  Zealot  
  72  9:39  Pylon  
  72  9:41  Shield Battery  
  72  9:48  Zealot x4  
  72  9:49  Zealot x3  
  72  10:36  Dark Templar x5  
  72  10:37  Dark Templar x2  
  86  10:51  Gateway  
  86  10:52  Gateway  
Show
View Real Time Build Order
Export as new Build Order

Massa Terran 

Build Orders: 2 Factory, Gas First Reaper Expand 

Get SALT Encoding   

  12  0:01  SCV  
  13  0:13  SCV  
  14  0:22  Supply Depot  
  14  0:25  SCV  
  15  0:32  Refinery  
  15  0:44  SCV  
  15  0:46  Barracks  
  16  0:56  SCV  
  17  1:14  SCV  
  18  1:26  SCV  
  19  1:47  Orbital Command  
  19  1:50  Factory  
  19  1:54  Reaper  
  20  2:02  Command Center  
  20  2:17  SCV  
  20  2:20  Supply Depot  
  21  2:26  Barracks Tech Lab  
  21  2:40  Factory  
  21  2:44  SCV  
  22  2:46  Refinery  
  22  2:54  Barracks Tech Lab  
  22  2:56  SCV, Engineering Bay  
  23  3:05  Refinery  
  23  3:14  SCV  
  23  3:16  Orbital Command  
  24  3:20  Refinery  
  24  3:26  SCV  
  25  3:31  Cyclone  
  31  3:41  Cyclone  
  31  3:45  SCV x2  
  33  3:52  Missile Turret  
  33  3:57  Mag-Field Accelerator  
  33  4:04  Cyclone  
  36  4:12  SCV  
  36  4:13  SCV  
  38  4:25  SCV x2  
  36  4:49  Cyclone x2  
  36  4:52  SCV x2  
  44  5:04  SCV x2  
  46  5:10  Barracks Tech Lab  
  46  5:16  Barracks  
  46  5:18  Barracks  
  46  5:21  Supply Depot  
  46  5:35  SCV  
  44  5:42  Cyclone x2  
  47  6:00  SCV x2  
  49  6:07  Barracks Tech Lab  
  49  6:08  Barracks Reactor  
  49  6:09  Stimpack  
  49  6:12  SCV x2  
  49  6:13  Terran Infantry Weapons Level 1  
  49  6:14  Cyclone, Missile Turret  
  49  6:17  Armory  
  54  6:20  Supply Depot  
  54  6:21  Supply Depot  
  54  6:35  Supply Depot  
  54  6:36  Supply Depot  
  54  6:39  Supply Depot  
  54  6:42  SCV, Cyclone  
  54  6:46  Cyclone, Marauder  
  54  6:47  Marauder, Marine  
  65  6:48  Marine  
  67  7:00  Supply Depot  
  67  7:05  Marine  
  67  7:06  Marine  
  67  7:08  Marauder x2  
  73  7:14  Cyclone  
  71  7:23  Marine  
  71  7:29  Marauder x2, Marine  
  72  7:41  Marine  
  66  7:46  Marine  
  66  7:50  Marauder  
  66  7:51  Marauder  
  70  7:56  Orbital Command  
  70  7:59  Marine  
  70  8:00  Missile Turret  
  70  8:04  Marine  
  72  8:11  Marine x2  
  74  8:16  Marine  
  75  8:21  SCV  
  75  8:22  SCV  
  77  8:28  Terran Infantry Armor Level 1  
  77  8:33  SCV  
  77  8:34  SCV  
  79  8:46  SCV x2  
  81  8:48  Terran Vehicle And Ship Armor Level 1  
  81  8:58  SCV  
  82  9:19  Marauder x2, Marine x2  
  82  9:20  Combat Shield  
  88  9:25  Cyclone x2  
  94  9:35  Barracks  
  94  9:36  Marine x2  
  96  9:40  Marauder x2  
  100  10:01  Marauder  
  100  10:05  Marauder  
  100  10:06  Cyclone x2  
  99  10:13  Marine x2  
  68  10:20  Concussive Shells  
  66  10:23  Marauder  
  66  10:26  Marine  
  67  10:31  Marine  
  67  10:34  Barracks  
  67  10:35  Barracks  
  66  10:37  Engineering Bay  
  66  10:41  Command Center  
  72  10:49  Marauder x2, Marine x3  
  54  11:06  Marine  
  54  11:07  Marine x2  
Show
View Real Time Build Order
Export as new Build Order

qqq Zerg 

Build Orders: Hatch First 

Get SALT Encoding   

  12  0:00  Drone  
  13  0:08  Drone  
  14  0:16  Overlord  
  14  0:45  Hatchery  
  13  0:52  Drone  
  13  0:53  Drone  
  15  1:20  Drone x3  
  15  1:24  Extractor, Spawning Pool  
  16  1:35  Drone  
  17  1:48  Drone  
  18  1:59  Drone x2  
  20  2:07  Drone  
  21  2:26  Queen x2  
  21  2:28  Drone  
  21  2:29  Drone x3  
  28  2:36  Metabolic Boost  
  28  2:38  Overlord  
  28  2:47  Overlord  
  28  2:50  Overlord  
  28  3:03  Lair  
  28  3:04  Zergling x4  
  30  3:06  Zergling x2  
  30  3:09  Zergling x2  
  30  3:10  Zergling x2  
  33  3:23  Zergling x4  
  33  3:24  Zergling x2  
  36  3:32  Roach Warren  
  36  3:33  Drone  
  36  3:37  Zergling x2  
  36  3:40  Zergling x6  
  40  3:42  Drone  
  40  3:44  Drone  
  40  3:47  Zergling x2  
  43  3:48  Zergling x2  
  43  3:52  Zergling x2  
  45  4:00  Drone, Zergling x2  
  47  4:08  Zergling x4  
  47  4:09  Drone, Zergling x4  
  52  4:12  Overlord  
  51  4:29  Zergling x2  
  51  4:30  Zergling x2  
  51  4:34  Spire  
  51  4:35  Drone x3  
  51  4:36  Extractor  
  50  4:49  Zergling x4  
  50  4:59  Overlord  
  50  5:03  Hatchery  
  49  5:07  Zergling x2  
  49  5:08  Zergling x2  
  49  5:10  Overlord  
  51  5:25  Zergling x2  
  51  5:26  Drone x3, Zergling x4  
  51  5:40  Zergling x4  
  51  5:41  Zergling x4  
  44  5:46  Drone  
  44  5:49  Mutalisk  
  45  5:51  Mutalisk  
  45  5:55  Baneling Nest  
  45  5:56  Drone x3  
  51  6:05  Drone  
  51  6:06  Drone, Zergling x2  
  54  6:11  Extractor  
  54  6:13  Extractor, Drone x2  
  54  6:19  Zergling x6  
  54  6:25  Drone, Zergling x4  
  60  6:26  Hatchery  
  59  6:42  Baneling x6  
  59  6:43  Baneling x5  
  59  6:45  Baneling  
  59  6:46  Zergling x10  
  65  6:47  Drone  
  65  6:52  Queen  
  67  6:57  Zergling x2  
  67  6:58  Drone  
  67  6:59  Drone  
  54  7:29  Zergling x6  
  49  7:30  Drone x3, Zergling x6  
  49  7:31  Zergling x6  
  49  7:32  Zergling x2  
  49  7:35  Overseer  
  25  8:00  Zergling x4  
  25  8:01  Zergling x6  
  25  8:03  Drone  
  22  8:31  Drone x2  
  24  8:45  Drone x2  
  25  9:11  Drone  
  26  9:21  Hatchery  
  26  9:31  Drone x4  
  26  9:32  Drone x2  
  30  9:42  Drone  
  30  10:05  Spore Crawler  
  28  10:08  Spore Crawler  
  28  10:09  Drone x5  
  32  10:20  Zergling x4  
  33  10:21  Queen  
  33  10:25  Queen  
  37  10:30  Zergling x2  
  37  10:31  Zergling x2  
  39  10:36  Roach  
  41  10:47  Zergling x10  
  41  10:48  Zergling x2  
  47  10:50  Baneling x2  
  47  10:51  Baneling x6  
  47  10:56  Roach x2  
  51  10:58  Roach  
Tags
 
Add a new tag
Caveats
  • Supply blocks, unpowered buildings, or Contaminate may cause inaccurate times.
  • Supply counts are checked every 10 seconds.